Map: [ESL] Cosmic Sapphire

Players

Neeb - Winner!

  • Race: Protoss Protoss
  • Spawn Location: 5:00

DRG

  • Race: Zerg Zerg
  • Spawn Location: 11:00

Event: DreamHack SC2 Masters 2022 Valencia

VOD

Have the link to the VOD?

Description

Time

  • Played on: July 2, 2022, 11:40 a.m.
  • Length: 14:06

All games in this series

Show
View Real Time Build Order
Export as new Build Order

Neeb Protoss - Winner!

Build Orders: 1 Gate Expand, Oracle Opening 

Get SALT Encoding   

  12  0:00  Probe  
  13  0:12  Probe  
  14  0:17  Pylon  
  14  0:24  Probe (Chrono Boost)  
  15  0:36  Probe (Chrono Boost)  
  15  0:37  Gateway  
  16  0:45  Probe (Chrono Boost)  
  16  0:47  Assimilator  
  17  0:51  Probe  
  18  1:03  Probe  
  19  1:15  Probe  
  20  1:24  Nexus  
  20  1:33  Cybernetics Core  
  20  1:35  Probe  
  21  1:43  Assimilator  
  21  1:47  Probe  
  21  1:50  Pylon  
  22  1:59  Probe (Chrono Boost)  
  23  2:09  Adept  
  23  2:10  Probe (Chrono Boost)  
  23  2:15  Probe (Chrono Boost)  
  26  2:21  Stargate  
  27  2:26  Probe (Chrono Boost)  
  28  2:33  Warp Gate, Probe (Chrono Boost)  
  30  2:37  Probe (Chrono Boost)  
  30  2:39  Adept  
  30  2:40  Probe  
  33  2:48  Probe  
  34  2:52  Probe  
  35  3:00  Pylon, Probe  
  35  3:02  Oracle (Chrono Boost)  
  35  3:04  Probe  
  40  3:12  Probe  
  43  3:16  Probe  
  44  3:24  Probe  
  44  3:28  Probe  
  44  3:31  Oracle (Chrono Boost)  
  44  3:32  Nexus  
  46  3:38  Pylon  
  46  3:39  Probe  
  47  3:42  Probe  
  48  3:50  Assimilator  
  48  3:51  Probe  
  48  3:53  Assimilator  
  48  3:54  Probe  
  50  4:03  Probe (Chrono Boost)  
  50  4:04  Forge  
  50  4:07  Twilight Council, Probe (Chrono Boost)  
  52  4:12  Gateway  
  52  4:16  Probe (Chrono Boost)  
  53  4:19  Probe (Chrono Boost)  
  53  4:20  Robotics Facility  
  55  4:24  Probe (Chrono Boost)  
  55  4:25  Probe (Chrono Boost)  
  55  4:26  Protoss Ground Weapons Level 1 (Chrono Boost)  
  55  4:30  Probe  
  56  4:32  Probe  
  56  4:36  Blink (Chrono Boost)  
  56  4:37  Gateway  
  58  4:39  Gateway  
  58  4:42  Probe  
  58  4:45  Probe x2  
  61  4:59  Gateway x2  
  61  5:00  Probe  
  61  5:01  Probe  
  61  5:02  Probe  
  61  5:04  Sentry  
  66  5:07  Shield Battery  
  66  5:08  Observer  
  66  5:13  Probe  
  66  5:14  Probe x2  
  70  5:25  Probe  
  70  5:26  Probe  
  70  5:27  Probe  
  70  5:28  Gateway  
  73  5:33  Gateway  
  73  5:34  Stalker  
  73  5:35  Gateway  
  75  5:39  Pylon  
  75  5:43  Warp Prism (Chrono Boost)  
  77  5:50  Pylon  
  77  5:53  Pylon  
  77  5:55  Pylon  
  77  5:57  Stalker x2  
  77  5:58  Stalker  
  77  6:01  Stalker  
  85  6:08  Pylon  
  85  6:11  Pylon  
  85  6:14  Stalker x2  
  89  6:21  Stalker x2  
  89  6:22  Stalker x2  
  89  6:24  Stalker  
  99  6:30  Charge  
  99  6:31  Stalker x2  
  99  6:32  Pylon  
  95  6:52  Stalker x7  
  106  6:57  Probe x2  
  108  7:03  Probe  
  108  7:04  Assimilator  
  109  7:15  Stalker x2  
  113  7:16  Stalker x4  
  113  7:20  Probe  
  113  7:21  Protoss Ground Weapons Level 2 (Chrono Boost)  
  122  7:39  Pylon x2  
  122  7:42  Zealot  
  122  7:43  Zealot x4  
  132  7:55  Zealot x2  
  132  7:57  Zealot x2  
  132  8:01  Pylon  
  132  8:04  Zealot x5  
  140  8:16  Nexus  
  136  8:22  Nexus  
  134  8:31  Stalker x4  
  134  8:32  Stalker x5  
  130  8:52  Pylon  
  130  8:54  Zealot x3  
  130  8:55  Zealot x6  
  148  9:09  Pylon  
  146  9:10  Pylon  
  146  9:15  Probe  
  146  9:16  Probe x2  
  133  9:21  Stalker x4  
  139  9:28  Probe  
  140  9:36  Probe x3  
  140  9:37  Templar Archives  
  135  9:47  Probe  
  135  9:49  Probe  
  135  9:50  Photon Cannon, Probe, Zealot x3  
  144  9:59  Probe  
  145  10:08  Zealot  
  145  10:09  Zealot x5  
  157  10:26  High Templar x3  
  157  10:28  Protoss Ground Weapons Level 3 (Chrono Boost)  
  155  10:29  High Templar x4  
  155  10:30  High Templar, Zealot  
  155  10:32  Probe x3  
  168  10:36  Archon x2  
  168  10:37  Archon x2  
  168  10:39  Photon Cannon  
  146  10:57  Zealot  
  146  11:00  Zealot  
  146  11:01  Zealot x4  
  146  11:02  Zealot x2  
  148  11:11  Zealot  
  138  11:13  Probe  
  138  11:18  Probe  
  128  11:20  Zealot  
  128  11:25  Zealot x6  
  129  11:31  Probe x2  
  116  11:46  Zealot x9  
  120  11:47  Probe x3  
  107  12:04  Probe x2 (Chrono Boost)  
  97  12:10  High Templar x3  
  97  12:11  High Templar x3, Zealot x3  
  97  12:13  Probe x2 (Chrono Boost)  
  117  12:16  Shield Battery  
  117  12:18  Probe x2 (Chrono Boost)  
  117  12:19  Archon x2  
  117  12:20  Archon  
  120  12:23  Assimilator  
  120  12:24  Probe x2 (Chrono Boost)  
  117  12:32  Zealot x3  
  115  12:39  Probe x2  
  115  12:41  Probe x2  
  115  12:42  Zealot x2  
  115  12:43  Zealot x3  
  129  12:44  Zealot  
  130  12:55  Probe  
  130  12:56  Oracle (Chrono Boost)  
  130  12:57  High Templar  
  130  12:58  Stalker, Pylon, High Templar  
  140  13:12  Stalker x2  
  140  13:13  Stalker x3  
  140  13:15  Probe  
  150  13:27  Archon, Probe  
  150  13:33  Nexus  
  154  13:37  Zealot x8  
  170  13:45  Pylon  
  152  14:02  Zealot x6  
  140  14:03  Zealot x3  
Show
View Real Time Build Order
Export as new Build Order

DRG Zerg 

Build Orders: Hatch First 

Get SALT Encoding   

  12  0:00  Drone  
  13  0:12  Overlord  
  13  0:16  Drone  
  14  0:30  Drone x2  
  14  0:34  Drone  
  17  0:51  Hatchery  
  17  0:54  Drone  
  17  0:57  Drone  
  17  1:03  Extractor  
  17  1:12  Spawning Pool  
  17  1:15  Drone  
  17  1:19  Drone  
  18  1:28  Drone  
  19  1:38  Drone  
  20  1:49  Drone  
  21  2:00  Overlord  
  21  2:02  Queen x2  
  21  2:04  Metabolic Boost  
  21  2:08  Zergling x2  
  26  2:13  Zergling x2  
  26  2:15  Drone  
  28  2:21  Drone  
  29  2:25  Drone  
  30  2:32  Drone  
  30  2:36  Drone  
  32  2:40  Hatchery  
  31  2:46  Queen  
  31  2:50  Overlord  
  33  2:53  Drone  
  33  2:55  Drone  
  33  2:58  Drone  
  36  3:03  Overlord  
  36  3:08  Queen  
  36  3:12  Drone x2  
  40  3:15  Drone  
  40  3:16  Drone  
  42  3:20  Drone x2  
  42  3:25  Queen  
  46  3:29  Overlord  
  46  3:31  Drone  
  47  3:44  Queen, Drone x2  
  50  3:52  Drone x3  
  50  3:54  Evolution Chamber, Queen  
  54  3:58  Spore Crawler  
  54  4:00  Drone x3  
  57  4:02  Zergling x2  
  57  4:04  Zergling x2  
  57  4:06  Drone  
  57  4:09  Drone x2  
  61  4:12  Overlord  
  61  4:14  Drone x2  
  63  4:20  Zerg Melee Weapons Level 1  
  63  4:22  Drone  
  63  4:26  Spore Crawler  
  63  4:30  Drone x2  
  62  4:33  Drone x4  
  62  4:36  Drone  
  69  4:38  Drone  
  69  4:41  Drone, Zergling x4  
  69  4:44  Overlord  
  72  4:45  Drone  
  72  4:46  Drone  
  72  4:51  Spore Crawler, Drone  
  73  4:54  Roach Warren  
  73  4:56  Drone x4  
  73  4:57  Drone  
  72  5:01  Drone  
  72  5:04  Drone  
  74  5:08  Drone x3  
  77  5:16  Lair  
  77  5:18  Drone x2, Hatchery  
  78  5:22  Drone x2  
  78  5:24  Extractor  
  78  5:25  Extractor  
  78  5:26  Drone x3  
  78  5:27  Extractor  
  78  5:28  Drone  
  81  5:30  Overlord  
  81  5:31  Drone  
  82  5:36  Overlord  
  82  5:38  Spore Crawler  
  82  5:39  Overlord  
  81  5:46  Overlord  
  81  5:47  Drone  
  82  5:50  Overlord  
  82  5:51  Drone  
  82  5:53  Overlord  
  82  5:54  Drone x2  
  82  5:55  Drone  
  82  5:56  Zergling x4  
  82  5:57  Zergling x4  
  90  6:03  Roach  
  92  6:08  Roach x4, Spore Crawler  
  99  6:14  Glial Reconstitution  
  99  6:15  Evolution Chamber  
  99  6:16  Roach  
  99  6:17  Roach x2  
  104  6:22  Extractor, Overlord, Zerg Melee Weapons Level 2  
  104  6:24  Roach x2  
  107  6:25  Zergling x2  
  107  6:26  Zergling x6  
  107  6:30  Overlord x2  
  107  6:32  Zergling x2  
  112  6:34  Ravager  
  112  6:36  Zergling x8  
  110  6:47  Zergling x2  
  110  6:48  Queen x2, Zergling x6  
  110  6:51  Zergling x14  
  110  6:54  Ravager x3  
  123  6:58  Ravager  
  123  6:59  Zergling x6  
  120  7:03  Queen, Zergling x2  
  120  7:04  Queen  
  120  7:07  Roach x2  
  126  7:10  Zergling x6  
  126  7:13  Zergling x4  
  123  7:19  Roach x4  
  123  7:21  Zergling x6  
  133  7:24  Ravager  
  131  7:31  Roach x5  
  131  7:34  Roach x2  
  137  7:38  Roach x2  
  137  7:40  Roach x2  
  137  7:42  Zergling x4  
  147  7:45  Zergling x2  
  147  7:46  Ravager  
  149  7:51  Roach  
  149  7:53  Zergling x2  
  149  7:54  Zergling x4  
  149  7:57  Zergling x2  
  149  7:58  Zergling x6  
  152  8:04  Zergling x8  
  151  8:08  Overlord  
  151  8:11  Zerg Ground Armor Level 1  
  150  8:14  Zergling x6  
  150  8:17  Zergling x2  
  150  8:19  Overlord x2  
  151  8:27  Zergling x20  
  152  8:31  Roach x5  
  152  8:33  Zergling x2  
  151  8:37  Roach  
  151  8:38  Roach, Zerg Missile Weapons Level 1  
  140  8:43  Roach x4  
  140  8:46  Roach x2  
  145  8:49  Roach  
  145  8:53  Roach x2  
  145  8:55  Roach  
  153  8:57  Ravager x3  
  153  8:58  Zergling x6  
  157  9:04  Ravager  
  157  9:07  Zergling x6  
  157  9:12  Roach x2  
  157  9:18  Zergling x4  
  151  9:25  Zergling x10  
  153  9:34  Zergling x8  
  157  9:39  Zergling x2  
  157  9:43  Roach x2  
  151  9:47  Roach  
  151  9:50  Baneling Nest  
  151  9:51  Roach x2  
  155  9:55  Hatchery  
  155  9:58  Zergling x4  
  155  10:00  Ravager  
  155  10:01  Ravager  
  155  10:02  Roach x5  
  155  10:06  Zergling x2  
  168  10:09  Zerg Ground Armor Level 2  
  168  10:12  Zergling x4  
  170  10:17  Zergling x2  
  170  10:18  Zergling x4  
  171  10:26  Zergling x4  
  172  10:29  Zergling x6  
  172  10:32  Zergling x2  
  172  10:33  Centrifugal Hooks  
  174  10:41  Overlord x2  
  171  10:46  Zergling x10  
  166  10:55  Roach x4  
  159  11:00  Roach  
  151  11:05  Roach x2  
  151  11:08  Roach x4  
  135  11:12  Roach  
  135  11:15  Roach  
  135  11:16  Zergling x2  
  121  11:24  Roach x6  
  122  11:27  Zergling x2  
  122  11:28  Queen  
  122  11:31  Roach, Queen x2  
  123  11:34  Roach x2  
  123  11:38  Roach  
  118  11:42  Zergling x2  
  118  11:43  Zergling x2  
  118  11:45  Zergling x2  
  97  11:49  Roach  
  89  11:55  Zergling x4  
  89  11:57  Zergling x2  
  84  12:01  Zergling x2  
  84  12:04  Queen, Zergling x2  
  84  12:05  Zergling x2  
  84  12:07  Queen x2  
  91  12:12  Drone x3, Queen  
  96  12:16  Roach  
  96  12:17  Roach x2  
  102  12:23  Roach  
  102  12:27  Roach x2  
  108  12:32  Drone x2  
  108  12:33  Spore Crawler  
  109  12:41  Roach x3  
  115  12:46  Ravager x9, Hatchery  
  115  12:48  Drone  
  122  12:55  Zergling x8  
  122  12:58  Zergling x2  
  124  13:00  Zergling x2  
  124  13:01  Ravager x2  
  124  13:04  Zergling x2  
  128  13:15  Zergling x12  
  128  13:19  Zergling x4  
  135  13:22  Zergling x2  
  135  13:23  Zergling x2  
  137  13:30  Zergling x4  
  139  13:34  Baneling x3  
  139  13:36  Zergling x2  
  139  13:37  Zergling x6  
  138  13:46  Zergling x16  
  134  13:48  Zergling x2  

Tags
 
Add a new tag
Caveats
  • Supply blocks, unpowered buildings, or Contaminate may cause inaccurate times.
  • Supply counts are checked every 10 seconds.